AoeStats
← [Tunjos]Lord_Antic

Arabia

510183121Analyzed
1v1 RM · 1d ago on Sep 29, 2026· 41m 26s· 2 players
Game mode
Random Map
Map size
Tiny (2 player)
Population
200
Speed
Normal
Resources
Standard
Victory
Conquest
Starting age
Dark Age
Ending age
Imperial Age
RankedLock teamsTeams togetherTeam positionsShared explorationLock speedFull tech treeHidden civsTurbo modeCheats
Victory
Defeat
🇧🇷 Teutons · Brazil
1289
+16
🇨🇴 Spanish · Colombia
1284
-16
[Tunjos]Lord_Antic
6:52 Loom
9:25 Feudal Age
10:06 Double-Bit Axe
22:38 Fletching
28:52 Wheelbarrow
31:44 Scale Barding Armor
33:14 Bloodlines
39:49 Castle Age
[RZ] Icaro
5:30 Loom
19:32 Feudal Age
21:19 Fletching
29:05 Castle Age
34:30 Forging
35:32 Bloodlines
35:42 Scale Barding Armor
38:52 Wheelbarrow
38:56 Chain Barding Armor
38:46 Town Watch
40:28 Iron Casting
Connection lost

Rejoining the realm…

Still unreachable

The connection could not be restored.

Session expired

The server has moved on; the page needs a fresh start.